 Dungeon Crawl Stone Soup version 0.27-a0-887-gcab673c142 (console) character file.

Game seed: 9371154415236737411

56851 jejorda2 the Phalangite (level 14, -1/108 HPs)
             Began as a Merfolk Berserker on Apr 4, 2021.
             Was a High Priest of Trog.
             Succumbed to a cane toad's poison
             ... on level 6 of the Lair of Beasts.
             The game lasted 00:39:02 (20687 turns).

jejorda2 the Phalangite (Merfolk Berserker)        Turns: 20687, Time: 00:39:02

Health: -1/108     AC: 23    Str: 22    XL:     14   Next: 83%
Magic:  14/14      EV:  9    Int:  7    God:    Trog [*****.]
Gold:   357        SH:  0    Dex: 13    Spells: 13/13 levels left

rFire    + . .     SeeInvis .   a - +3 glaive (flame)
rCold    . . .     Faith    +   (shield currently unavailable)
rNeg     . . .     Spirit   .   l - +0 plate armour
rPois    +         Reflect  .   t - +2 helmet
rElec    .         Harm     .   O - +2 cloak
rCorr    .         Rampage  .   (no gloves)
Will     +....                  K - +1 pair of boots
Stlth    ..........             d - amulet of faith
HPRegen  0.28/turn              D - ring of poison resistance
MPRegen  0.14/turn              M - ring of protection from fire

@: lethally poisoned (-1 -> -12), berserk cooldown, slowed, very slow
A: (nimble swimmer 2), mertail
a: Renounce Religion, Berserk, Trog's Hand, Brothers in Arms


You were on level 6 of the Lair of Beasts.
You worshipped Trog.
Trog was extremely pleased with you.
You visited 2 branches of the dungeon, and saw 17 of its levels.

You collected 757 gold pieces.
You spent 400 gold pieces at shops.

Inventory:

Hand Weapons
 a - a +3 glaive of flaming (weapon)
 F - a +2 glaive of flaming
Missiles
 b - 73 poisoned darts (quivered)
 f - 7 silver javelins
 h - 11 curare-tipped darts
 k - a throwing net
 B - 12 boomerangs
Armour
 l - a +0 plate armour (worn)
 t - a +2 helmet (worn)
 K - a +1 pair of boots (worn)
 O - a +2 cloak (worn)
Jewellery
 d - an amulet of faith (around neck)
 D - a ring of poison resistance (left hand)
 M - a ring of protection from fire (right hand)
 N - the ring of Fatigue {rCorr Str-5 Int+2 SInv}
   (You found it on level 2 of the Lair of Beasts)

   [ring of resist corrosion]

   It affects your strength (-5).
   It affects your intelligence (+2).
   It lets you see invisible.
   It protects you from acid and corrosion.
Wands
 p - a wand of random effects (30)
 q - a wand of acid (15)
 s - a wand of flame (33)
 x - a wand of paralysis (8)
Scrolls
 i - a scroll of fog
 o - 3 scrolls of magic mapping
 r - 2 scrolls of summoning
 u - 2 scrolls of fear
 y - 3 scrolls of blinking
 A - 4 scrolls of teleportation
Potions
 c - 2 potions of mutation
 e - a potion of invisibility
 g - 2 potions of berserk rage
 j - 2 potions of heal wounds
 m - 8 potions of curing
 n - 4 potions of cancellation
 v - 4 potions of attraction
 w - 3 potions of haste
 z - 2 potions of might
 C - 2 potions of brilliance {unknown}
 G - a potion of magic {unknown}
 H - a potion of lignification {unknown}
 I - 2 potions of flight
 J - a potion of ambrosia {unknown}
Miscellaneous
 E - a box of beasts


   Skills:
 + Level 9.0 Fighting
 + Level 23.4 Polearms
 - Level 6.0 Throwing
 - Level 10.0 Armour
 - Level 6.0 Dodging
 - Level 7.0 Evocations


You had 13 spell levels left.
You didn't know any spells.
Your spell library was empty.

Dungeon Overview and Level Annotations

Branches:
Dungeon (11/15)            Temple (0/1) D:6            Lair (5/6) D:11
 Shoals (0/4) Lair:4        Snake (0/4) Lair:4          Orc (0/2) D:9
  Slime: Lair:5-6

Altars:
Fedhas
Ru
Uskayaw
Wu Jian
Jiyva

Shops:
D:2 (   D:10 (*   D:11 (

Annotations:
Lair:5 1 runed translucent door


Innate Abilities, Weirdness & Mutations

((You are quick and stealthy near water. (Stealth+, EV+, Speed+++)))
Your lower body shifts to a powerful aquatic tail in water.


Message History

Reach: a) +3 glaive (flame)
Press: ? - help, Dir - move target, f - blink frog
Aim: a blink frog (lightly wounded, ally target, about 45% to evade your +3 glaive of flaming)
You reach to attack!
You slice the blink frog like a ripe choko!!!
You burn the blink frog!
You feel the power of Trog in you as your rage grows.
You kill the blink frog!
Trog accepts your kill.
You swap places.
Your skin stops crawling.
You feel less strong-willed.
Items here: †††††††††.
You feel a strong urge to attack something.
The cane toad stings you!
* * * LOW HITPOINT WARNING * * *
You are lethally poisoned!
The cane toad poisons you!
You hit the cane toad. You burn the cane toad.
The cane toad is lightly wounded.
* * * LOW HITPOINT WARNING * * *
You feel very sick.
You hit the cane toad. You burn the cane toad.
The cane toad is heavily wounded.
* * * LOW HITPOINT WARNING * * *
You feel sick.
The cane toad stings you but does no damage.
* * * LOW HITPOINT WARNING * * *
You feel very sick.
Your iron troll closely misses the cane toad.
Your iron troll claws the cane toad! x2
The cane toad dies!
Trog accepts your kill.
Your Fighting skill increases to level 9!
You feel a strong urge to attack something.
* * * LOW HITPOINT WARNING * * *
You feel sick.
You are no longer berserk.
You are exhausted.
You feel yourself slow down.
You die...

≈≈≈≈≈≈≈≈P#****#......#,,,,,*
≈≈≈≈≈≈≈P..#*###......#.,,,,*
≈≈≈≈≈≈≈≈...##..........#,*,*
≈≈≈≈≈≈≈≈F....P.......P..,,**
≈≈≈≈≈P≈≈≈...........#...,,*
≈≈≈≈≈P≈..?.##........#..,,**
≈≈≈≈≈.≈.≈..*##..........,,,*
≈≈≈≈≈≈≈P≈..,##.†.......P,,**
**≈≈≈≈Pw#...#...@...###****
**≈≈#≈≈P##....†T##....#
,***#.≈≈#.....##..†...#***
≈≈,,##**#(....*###......,*
≈≈≈≈≈,,*##....,*,,,.....,*
≈≈≈≈≈,,**#....,,,,,*###.,***
≈≈≈,,,≈*.....,,,,,,** **,,,*
≈,,,,≈≈,....,,,,,,,,* *,,**
≈,,,,,,,,,,**,,,,,,** *,,,*


You could see a friendly iron troll (summoned, berserk).

Vanquished Creatures
  Gastronok (D:9)
  Snorg (Lair:4)
  Josephine (Lair:4)
  An ice dragon (D:9)
  10 hydras
  6 two-headed ogres
  2 boulder beetles
  Erica (D:9)
  5 death yaks
  2 catoblepae
  A tengu warrior (D:9)
  Sonja (Lair:4)
  A deep elf zephyrmancer (D:9)
  A manticore (D:11)
  4 elephants
  A cyclops (D:9)
  7 black mambas
  A gargoyle (D:11)
  11 komodo dragons
  4 rime drakes
  15 cane toads
  An efreet (D:11)
  2 trolls
  6 polar bears (Lair:5)
  2 tyrant leeches (Lair:6)
  15 blink frogs
  3 shadows
  3 wraiths (Lair:4)
  A spriggan (Lair:1)
  36 yaks
  2 basilisks (Lair:1)
  A wyvern (Lair:4)
  Eustachio (D:6)
  2 vampire mosquitoes (Lair:6)
  2 steam dragons
  An acid dragon (D:10)
  14 water moccasins
  2 ice beasts
  7 orc warriors
  4 necrophages
  A boggart (D:9)
  2 black bears
  An ogre (D:4)
  6 centaurs
  3 kobold brigands
  4 gnoll sergeants
  13 bullfrogs
  A water moccasin zombie (D:5)
  3 scorpions
  5 killer bees
  9 wights
  5 howler monkeys
  3 electric eels
  3 centaur zombies
  4 gnoll shamans
  9 hounds
  7 orc priests
  3 jellies
  2 iguanas
  9 orc wizards
  A killer bee zombie (D:9)
  Robin (D:4)
  3 howler monkey zombies
  29 gnolls
  6 adders
  A shadow imp (D:8)
  A white imp (D:6)
  5 worms
  3 dart slugs
  39 orcs
  8 ball pythons
  5 bats
  5 endoplasms
  4 giant cockroaches
  5 jackals
  12 kobolds
  4 quokkas
  4 frilled lizards
  13 goblins
  A jackal skeleton (D:4)
  7 rats
  A plant (Lair:1)
433 creatures vanquished.

Vanquished Creatures (collateral kills)
  3 death yaks (Lair:4)
  2 cane toads
  Psyche (D:9)
  2 blink frogs (Lair:6)
  A wraith (Lair:4)
  4 nagas (Lair:4)
13 creatures vanquished.

Vanquished Creatures (others)
  A demonic plant (D:1)
  26 fungi
  77 plants
104 creatures vanquished.

Grand Total: 550 creatures vanquished

Notes
Turn   | Place    | Note
-------+----------+-------------------------------------------
     0 | D:1      | jejorda2 the Merfolk Berserker began the quest for the Orb.
     0 | D:1      | Reached XP level 1. HP: 18/18 MP: 1/1
   106 | D:1      | Reached XP level 2. HP: 20/24 MP: 2/2
   239 | D:1      | Found a faded altar of an unknown god.
   343 | D:1      | Reached skill level 5 in Polearms
   726 | D:2      | Reached XP level 3. HP: 29/29 MP: 3/3
  1030 | D:2      | Reached ** piety under Trog
  1524 | D:2      | Found Gumiegg's Antique Weapon Emporium.
  1739 | D:2      | Reached XP level 4. HP: 37/37 MP: 4/4
  1832 | D:3      | Reached skill level 6 in Polearms
  2187 | D:3      | Reached XP level 5. HP: 42/42 MP: 5/5
  2540 | D:3      | Reached *** piety under Trog
  2562 | D:3      | Reached skill level 7 in Polearms
  2797 | D:3      | Reached XP level 6. HP: 48/49 MP: 6/6
  2932 | D:3      | Found a sacrificial altar of Ru.
  3476 | D:4      | Found an ornate altar of the Wu Jian Council.
  3720 | D:4      | Reached skill level 8 in Polearms
  3951 | D:4      | Noticed Robin
  3970 | D:4      | Killed Robin
  4074 | D:5      | Entered Level 5 of the Dungeon
  4101 | D:5      | Noticed a necrophage
  4108 | D:5      | Killed a necrophage
  4109 | D:5      | Reached skill level 5 in Fighting
  4109 | D:5      | Reached XP level 7. HP: 56/56 MP: 7/7
  4308 | D:5      | Reached skill level 9 in Polearms
  4542 | D:5      | Reached **** piety under Trog
  4841 | D:6      | Reached skill level 10 in Polearms
  4841 | D:6      | Reached XP level 8. HP: 64/64 MP: 8/8
  5004 | D:6      | Noticed Eustachio
  5045 | D:6      | Killed Eustachio
  5119 | D:6      | Reached skill level 1 in Evocations
  5434 | D:6      | Found a staircase to the Ecumenical Temple.
  5599 | D:6      | Reached skill level 11 in Polearms
  6006 | D:6      | Reached XP level 9. HP: 71/71 MP: 9/9
  6272 | D:6      | Identified a scroll of acquirement
  6272 | D:6      | Acquired a +2 glaive of flaming
  6526 | D:7      | Reached skill level 12 in Polearms
  6897 | D:7      | Found a hide-covered altar of Uskayaw.
  7217 | D:8      | Found a blossoming altar of Fedhas.
  7254 | D:8      | Reached ***** piety under Trog
  7808 | D:8      | Noticed a two-headed ogre
  8181 | D:8      | Reached skill level 13 in Polearms
  8556 | D:8      | Found a blossoming altar of Fedhas.
  8581 | D:8      | Killed a two-headed ogre
  8582 | D:8      | Reached skill level 5 in Armour
  8582 | D:8      | Reached XP level 10. HP: 79/79 MP: 10/10
  8654 | D:9      | Noticed a two-headed ogre
  8659 | D:9      | Killed a two-headed ogre
  8660 | D:9      | Reached skill level 14 in Polearms
  8660 | D:9      | Reached skill level 5 in Evocations
  9297 | D:9      | Noticed Erica
  9311 | D:9      | Killed Erica
  9312 | D:9      | Reached skill level 15 in Polearms
  9772 | D:9      | Received a gift from Trog
 10010 | D:9      | Found a staircase to the Orcish Mines.
 10166 | D:9      | Noticed a two-headed ogre
 10174 | D:9      | Killed a two-headed ogre
 10213 | D:9      | Noticed Psyche
 10218 | D:9      | Killed Psyche
 10219 | D:9      | Reached XP level 11. HP: 84/84 MP: 11/11
 10270 | D:9      | Noticed a two-headed ogre
 10274 | D:9      | Killed a two-headed ogre
 10275 | D:9      | Reached skill level 16 in Polearms
 10511 | D:9      | Noticed a tengu warrior
 10521 | D:9      | Noticed an ice dragon
 10526 | D:9      | Killed a tengu warrior
 10550 | D:9      | Killed an ice dragon
 10679 | D:9      | Found the +7 Singing Sword {vorpal, sonic wave}
 10723 | D:9      | Noticed a two-headed ogre
 10729 | D:9      | Killed a two-headed ogre
 10730 | D:9      | Reached skill level 17 in Polearms
 10833 | D:9      | Noticed Gastronok
 10847 | D:9      | Killed Gastronok
 10848 | D:9      | Reached skill level 18 in Polearms
 10999 | D:9      | Noticed a four-headed hydra
 11004 | D:9      | Killed a one-headed hydra
 11004 | D:9      | Noticed a boulder beetle
 11013 | D:9      | Killed a boulder beetle
 11014 | D:9      | Reached XP level 12. HP: 87/91 MP: 12/12
 11022 | D:9      | Identified the +9 war axe of Poesef {freeze, Int+4}
 11161 | D:9      | Reached skill level 19 in Polearms
 11567 | D:2      | Bought a bloodstained bardiche for 378 gold pieces
 11567 | D:2      | Identified the +1 bardiche "Kumoumep" {pain, +Rage rC++
                  | Str+3 Int-4} (You bought it in a shop on level 2 of the
                  | Dungeon)
 11726 | D:10     | Entered Level 10 of the Dungeon
 11783 | D:10     | Found Nevap's Assorted Antiques.
 11813 | D:10     | Bought a fuming yellow potion for 22 gold pieces
 11918 | D:10     | Found Acry's Weapon Shop.
 12251 | D:10     | Received a gift from Trog
 12454 | D:10     | Noticed a two-headed ogre
 12461 | D:10     | Killed a two-headed ogre
 12462 | D:10     | Reached skill level 20 in Polearms
 12537 | D:10     | Reached skill level 1 in Throwing
 13318 | D:11     | Found Zamianle's Antique Weapon Boutique.
 13694 | D:11     | Found a staircase to the Lair.
 13815 | D:11     | Noticed a seven-headed hydra
 13821 | D:11     | Killed a five-headed hydra
 13822 | D:11     | Noticed a six-headed hydra
 13829 | D:11     | Killed a one-headed hydra
 13922 | Lair:1   | Entered Level 1 of the Lair of Beasts
 13947 | Lair:1   | Noticed a four-headed hydra
 13955 | Lair:1   | Killed a one-headed hydra
 14090 | Lair:1   | Identified the +1 leather armour of Integrity {rPois Int-4
                  | Dex+4}
 14335 | Lair:1   | Reached XP level 13. HP: 92/96 MP: 13/13
 14418 | Lair:1   | Reached skill level 5 in Throwing
 14674 | Lair:1   | Reached skill level 21 in Polearms
 15501 | Lair:2   | Identified the ring of Fatigue {rCorr Str-5 Int+2 SInv}
 16797 | Lair:3   | Reached skill level 5 in Dodging
 16803 | Lair:3   | Received a gift from Trog
 17568 | Lair:3   | Reached XP level 14. HP: 100/103 MP: 14/14
 18085 | Lair:4   | Found a staircase to the Shoals.
 18122 | Lair:4   | Reached skill level 22 in Polearms
 18493 | Lair:4   | Noticed Snorg
 18500 | Lair:4   | Killed Snorg
 18615 | Lair:4   | Noticed Josephine
 18622 | Lair:4   | Killed Josephine
 18684 | Lair:4   | Found a staircase to the Snake Pit.
 18973 | Lair:4   | Noticed Sonja
 18992 | Lair:4   | Reached skill level 10 in Armour
 18995 | Lair:4   | Killed Sonja
 19814 | Lair:5   | Found a runed translucent door.
 19814 | Lair:5   | Found a viscous altar of Jiyva.
 20014 | Lair:5   | Reached skill level 23 in Polearms
 20015 | Lair:5   | Received a gift from Trog
 20594 | Lair:5   | You fall into a shaft and drop 1 floor!
 20594 | Lair:6   | Entered Level 6 of the Lair of Beasts
 20683 | Lair:6   | HP: 7/159 [poisoned by a cane toad]
 20685 | Lair:6   | HP: 2/159 [poisoned by a cane toad]
 20687 | Lair:6   | Succumbed to a cane toad's poison

Illustrated notes

Levels and vault maps discovered:
D:1:      moated_graveyard_arrival, layout_rooms, shapermc_ecumenical_altar_gd
D:2:      layout_basic, serial_shops, shop
D:3:      layout_loops_ring, nicolae_overflow_hidden_temple, chequers_garden
D:4:      layout_basic, overflow_temple_1_default, uniq_robin
D:5:      layout_gridville
D:6:      layout_rooms, minmay_temple_entry_statues_pillars, uniq_eustachio
D:7:      layout_loops_ring, nicolae_uskayaw_dance_studio
D:8:      layout_cave_pools, fedhas_altar_3
D:9:      minmay_chopped_fan, layout_irregular_city, erik_orc_2, uniq_gastronok,
          uniq_erica, uniq_psyche
D:10:     layout_cave_pools, serial_gnoll_camp, gnoll_camp_mini_shop,
          gnoll_camp_huts_basic, gnoll_camp_mini_hut, gnoll_camp_mini_shop,
          gnoll_camp_mini_basic
D:11:     layout_basic, grunt_lair_entry_orc_guard_hut, serial_shops, shop
Lair:1:   layout_loops_ring, wad_woods_03
Lair:2:   layout_regular_city, infiniplex_staircase_pool, lemuel_fruit_fields
Lair:3:   layout_layer_cave, beast_lair_carwin_10
Lair:4:   layout_big_grid, elwin_shoals_entry_rocks,
          minmay_snake_entry_guardpost_medium, grunt_megastairs_5,
          infiniplex_staircase_pool_2, uniq_josephine, uniq_sonja, uniq_snorg
Lair:5:   layout_cave_pods, slime_altar_2, beast_lair_carwin_1
Lair:6:   minmay_lair_end_frog_pond, layout_layer_cave, minmay_shattered_shrine

Skill      XL: |  1  2  3  4  5  6  7  8  9 10 11 12 13 14 |
---------------+-------------------------------------------+-----
Polearms       | 5 6 7 8 10 11 13 15 18 20 21 23 | 23.4
Armour         | 2 3 4 5 6 7 9 10 | 10.0
Fighting       | 4 5 6 7 9 |  9.0
Evocations     | 2 4 6 7 |  7.0
Throwing       | 4 6 |  6.0
Dodging        | 6 |  6.0

Action                   |  1- 3 |  4- 6 |  7- 9 | 10-12 | 13-15 || total
-------------------------+-------+-------+-------+-------+-------++-------
Melee: Spear             |   142 |   202 |       |       |       ||   344
       Trident           |       |     6 |   189 |       |       ||   195
       Glaive            |       |       |   133 |   468 |   589 ||  1190
       Tailslap          |       |       |       |     7 |     3 ||    10
Throw: Dart              |       |       |     6 |    12 |     6 ||    24
Invok: Berserk           |     1 |     3 |     5 |    12 |     4 ||    25
       Trog's Hand       |       |       |       |     3 |     3 ||     6
       Brothers in Arms  |       |       |       |     3 |     3 ||     6
  Use: Scroll            |       |       |    19 |     4 |     5 ||    28
       Potion            |       |       |       |     1 |       ||     1
 Stab: Sleeping          |     1 |       |       |       |       ||     1
       Distracted        |       |       |       |     1 |     1 ||     2
Armor: Animal skin       |     6 |       |       |       |       ||     6
       Ring mail         |    16 |     4 |       |       |       ||    20
       Leather armour    |     3 |       |       |       |       ||     3
       Plate armour      |       |    54 |   179 |   201 |   192 ||   626
Dodge: Dodged            |    46 |    40 |    88 |   113 |    96 ||   383

Table legend: (Time is in decaauts)
 A = Elapsed time spent in this place.
 B = Non-inter-level travel time spent in this place.
 C = Inter-level travel time spent in this place.
 D = Time resting spent in this place.
 E = Time spent auto-exploring this place.
 F = Levels seen in this place.
 G = Mean time per level.
                   A        B        C        D        E       F      G
               +--------+--------+--------+--------+--------+-----+--------+
         Total |  20475 |  19360 |   1115 |   1914 |  14634 |  17 | 1204.4 |
       Dungeon |  13892 |  12956 |    936 |   1822 |   9138 |  11 | 1262.9 |
          Lair |   6583 |   6404 |    179 |     91 |   5495 |   6 | 1097.2 |
               +--------+--------+--------+--------+--------+-----+--------+

Top non-repeatable levels by time:
     D:9: 2782 daAuts
  Lair:3: 1689 daAuts
     D:7: 1634 daAuts
     D:6: 1445 daAuts
  Lair:1: 1376 daAuts
     D:3: 1291 daAuts
  Lair:4: 1280 daAuts
  Lair:5: 1244 daAuts
     D:2: 1206 daAuts
    D:11: 1112 daAuts
     D:4: 1086 daAuts
    D:10: 1040 daAuts
  Lair:2: 925 daAuts
     D:8: 855 daAuts
     D:5: 801 daAuts
